 Dungeon Crawl Stone Soup version 0.29.1-13-g9f3cf754e1 (webtiles) character file.

Game seed: 1403020964462498793

38 javelincjr the Conjurer (level 3, -5/24 HPs)
             Began as a Demonspawn Conjurer on Feb 8, 2023.
             Slain by billybob123456's ghost (6 damage)
             ... on level 3 of the Dungeon.
             The game lasted 00:03:35 (1650 turns).

javelincjr the Conjurer (Demonspawn Conjurer)       Turns: 1650, Time: 00:03:35

Health: -5/24      AC:  3    Str:  9    XL:     3   Next: 25%
Magic:  2/6        EV: 12    Int: 19    God:
Gold:   86         SH:  0    Dex: 11    Spells: 3/6 levels left

rFire   . . .      SeeInvis .   h - +4 short sword
rCold   . . .      Faith    .   (no shield)
rNeg    . . .      Spirit   .   a - +0 robe
rPois   .          Reflect  .   (helmet restricted)
rElec   .          Harm     .   (no cloak)
rCorr   .          Rampage  .   (no gloves)
Will    .....                   (no boots)
Stlth   ++........              (no amulet)
HPRegen 0.08/turn               (no ring)
MPRegen 0.10/turn               (no ring)

@: no status effects
A: horns 1, rugged brown scales 1
a: no special abilities


You were on level 3 of the Dungeon.
You visited 1 branch of the dungeon, and saw 3 of its levels.

You collected 86 gold pieces.

Inventory:

Hand Weapons
 e - a +0 spear
 h - a +4 short sword (weapon)
Armour
 a - a +0 robe (worn)
Scrolls
 c - 2 scrolls of identify {unknown}
 d - a scroll of enchant weapon {unknown}
 g - a scroll of summoning {unknown}
 i - a scroll of blinking {unknown}
Potions
 b - a potion of magic
 f - a potion of invisibility {unknown}


   Skills:
 + Level 1.7 Dodging
 + Level 1.7 Stealth
 + Level 2.4 Spellcasting
 + Level 4.8 Conjurations


You had 3 spell levels left.
You knew the following spells:

 Your Spells              Type           Power      Damage    Failure   Level
a - Magic Dart            Conj           80%        1d7       2%          1
b - Searing Ray           Conj           40%        2d5       3%          2

Your spell library contained the following spells:

 Spells                   Type           Power      Damage    Failure   Level
 Necrotise                Necr           8%         1d4       16%         1
 Dazzling Flash           Conj/Hex       22%        N/A       19%         3
 Ensorcelled Hibernation  Hex/Ice        4%         N/A       24%         2
 Spider Form              Tmut/Pois      2%         N/A       43%         3
 Vampiric Draining        Necr           2%         2d6       43%         3
 Fulminant Prism          Conj/Hex       5%         3d7       52%         4
 Iskenderun's Mystic Bla  Conj/Tloc      11%        2d4       52%         4
 Anguish                  Hex/Necr       1%         N/A       85%         4
 Agony                    Necr           2%         N/A       99%         5


Dungeon Overview and Level Annotations

Branches:
Dungeon (2/15)

Altars:

Annotations:
D:3 billybob123456's ghost, weakling MiMo


Innate Abilities, Weirdness & Mutations

You have a pair of small horns on your head.
You are partially covered in rugged brown scales. (AC +1, +3% HP)


Message History

HP restored.
You open the door.
Casting: Magic Dart (safe; 2% risk of failure)
Confirm with . or Enter, or press ? or * to list all spells.
Aiming: Searing Ray (safe; 3% risk of failure)
Press: ? - help, Shift-Dir - straight line, f - billybob123456's ghost
Aim: billybob123456's ghost, wielding a weapon of protection (84% to hit)
The searing ray misses billybob123456's ghost. (Press . to maintain the ray.) Billybob123456's ghost hits you!
Ouch! That really hurt!
The searing ray misses billybob123456's ghost.
Billybob123456's ghost hits you.
The searing ray hits billybob123456's ghost but does no damage.
Billybob123456's ghost barely misses you.
The searing ray hits billybob123456's ghost!
Billybob123456's ghost is moderately damaged.
You finish channelling your searing ray.
Billybob123456's ghost closely misses you.
Billybob123456's ghost closely misses you.
You hit billybob123456's ghost but do no damage.
Billybob123456's ghost is moderately damaged.
Billybob123456's ghost hits you.
You hit billybob123456's ghost.
You headbutt billybob123456's ghost, but do no damage.
Billybob123456's ghost is moderately damaged.
Billybob123456's ghost hits you.
* * * LOW HITPOINT WARNING * * *
You hit billybob123456's ghost but do no damage.
You headbutt billybob123456's ghost, but do no damage.
Billybob123456's ghost is moderately damaged.
Billybob123456's ghost closely misses you.
You barely miss billybob123456's ghost.
Billybob123456's ghost is moderately damaged.
Billybob123456's ghost hits you.
* * * LOW HITPOINT WARNING * * *
You hit billybob123456's ghost but do no damage.
Billybob123456's ghost is moderately damaged.
Billybob123456's ghost hits you.
You die...

#..........#
#..<.......## #
#..................
..#..................
...................
#..........#......
#######.......##......#
#..!..#....####.......#
#!~~~~W@..#...........##
#..?..#...#.#...........
#########.........######
####.........####
#......)#....#
#............#
#...>####.#.## ###..#
#..#.# #### #.##.#


You could see billybob123456's ghost.

Vanquished Creatures
  2 ball pythons (D:1)
  5 bats (D:1)
  4 endoplasms
  A giant cockroach (D:2)
  2 goblins (D:1)
  2 hobgoblins
  3 jackals (D:1)
  7 kobolds
  3 quokkas
  A frilled lizard (D:1)
  2 rats
32 creatures vanquished.

Notes
Turn   | Place    | Note
-------+----------+-------------------------------------------
     0 | D:1      | javelincjr the Demonspawn Conjurer began the quest for the
                  | Orb.
     0 | D:1      | Reached XP level 1. HP: 13/13 MP: 3/3
   434 | D:1      | Gained mutation: You are partially covered in rugged brown
                  | scales. (AC +1, +3% HP) [demonic ancestry]
   434 | D:1      | Reached XP level 2. HP: 13/19 MP: 5/5
  1283 | D:1      | Gained mutation: You have a pair of small horns on your
                  | head. [demonic ancestry]
  1283 | D:1      | Reached XP level 3. HP: 24/24 MP: 3/6
  1432 | D:2      | Learned a level 2 spell: Searing Ray
  1554 | D:2      | You fall into a shaft and drop 1 floor!
  1600 | D:3      | Found a runed translucent door.
  1617 | D:3      | Noticed billybob123456's ghost (weakling MiMo)
  1649 | D:3      | HP: 1/24 [billybob123456's ghost (3)]
  1650 | D:3      | Slain by billybob123456's ghost

Illustrated notes

Levels and vault maps discovered:
D:1:      dpeg_arrival_pits, layout_basic, kennysheep_doodads
D:2:      layout_loops_ring, ebering_ecumenical_altar_abandoned,
          minmay_misc_feat_columns, nrook_mini_backslash,
          dreamdust_princess_bridge
D:3:      layout_rooms, lemuel_doored_altar, serial_shops, shop,
          ebering_ghost_reflecting_pool

Action                   || total
-------------------------++-------
Melee: Spear             ||    18
       Unarmed           ||     6
       Short sword       ||    12
       Headbutt          ||     4
 Cast: Magic Dart        ||    58
       Searing Ray       ||     1
Armor: Robe              ||     7
Dodge: Dodged            ||    25
